 Dungeon Crawl Stone Soup version 0.24.0-37-gcf1ca852f1 (webtiles) character file.

Game seed: 650461999005277666, levelgen mode: deterministic

381 Mrkan the Ruffian (level 6, -1/62 HPs)
             Began as a Troll Monk on Nov 29, 2019.
             Was an Initiate of Makhleb.
             Slain by a hound (3 damage)
             ... on level 4 of the Dungeon.
             The game lasted 00:06:28 (2768 turns).

Mrkan the Ruffian (Troll Monk)                      Turns: 2768, Time: 00:06:28

Health: -1/62      AC:  7    Str: 20    XL:     6   Next: 46%
Magic:  5/5        EV: 10    Int:  8    God:    Makhleb [......]
Gold:   57         SH:  0    Dex: 12    Spells: 5/5 levels left

rFire    . . .     SeeInvis .     - Unarmed
rCold    . . .     Gourm    +   (no shield)
rNeg     . . .     Faith    .   a - +0 robe
rPois    .         Spirit   .   (helmet restricted)
rElec    .         Reflect  .   h - +0 cloak
rCorr    .         Harm     .   (gloves unavailable)
MR       .....                  (boots unavailable)
Stlth    ++........             (no amulet)
HPRegen  0.60/turn              (no ring)
MPRegen  0.09/turn              (no ring)

@: no status effects
A: large, unfitting armour, claws 3, fast metabolism 3, gourmand, regeneration
1, shaggy fur 1, tough skin 3
a: Renounce Religion


You were on level 4 of the Dungeon.
You worshipped Makhleb.
Makhleb was noncommittal.
You were very full.

You visited 1 branch of the dungeon, and saw 5 of its levels.
You also visited: Sewer.

You collected 57 gold pieces.

Inventory:

Armour
 a - a +0 robe (worn)
 h - a +0 cloak (worn)
Jewellery
 c - a +4 ring of intelligence {unknown}
Scrolls
 d - 4 scrolls of teleportation {unknown}
 e - 2 scrolls of remove curse {unknown}
 f - a scroll of enchant weapon {unknown}
 i - 5 scrolls of identify {unknown}
 j - a scroll of immolation {unknown}
 n - a scroll of fear {unknown}
 o - a scroll of fog {unknown}
Potions
 g - a potion of might {unknown}
 k - 2 potions of curing {unknown}
 l - 2 potions of heal wounds {unknown}
 m - a potion of haste {unknown}
 p - a potion of brilliance {unknown}
Comestibles
 b - 6 rations
 q - 2 chunks of flesh


   Skills:
 + Level 4.0 Fighting
 - Level 2.4 Dodging
 - Level 1.0 Stealth
 * Level 6.2 Unarmed Combat


You had 5 spell levels left.
You didn't know any spells.
Your spell library was empty.

Dungeon Overview and Level Annotations

Branches:
Dungeon (5/15)              Sewer (visited)
 Temple: D:4-7

Altars:
Cheibriados
Gozag
Kikubaaqudgha
Makhleb
Nemelex Xobeh
Okawaru
Qazlal
Trog
Uskayaw
Yredelemnul


Innate Abilities, Weirdness & Mutations

You are too large for most types of armour.
You have claws for hands.
Your metabolism is lightning-fast.
You like to eat raw meat.
Your natural rate of healing is unusually fast.
You are covered in fur. (AC +1)
You have extremely tough skin. (AC +3)


Message History

The hound barely misses you. The orc hits you but does no damage.
The hound barely misses you. The orc barely misses you.
The hound bites you but does no damage. The hound bites you but does no damage.
The orc barely misses you. The hound bites you.
* * * LOW HITPOINT WARNING * * *
The hound bites you.
* * * LOW HITPOINT WARNING * * *
The orc closely misses you. The hound bites you but does no damage.
The orc misses you. The hound barely misses you.
The hound bites you but does no damage. The hound bites you but does no damage.
The orc barely misses you. The hound closely misses you.
The orc hits you with a +0 war axe.
* * * LOW HITPOINT WARNING * * *
The hound bites you.
* * * LOW HITPOINT WARNING * * *
The hound closely misses you. The orc hits you with a +0 war axe.
* * * LOW HITPOINT WARNING * * *
The hound completely misses you. The hound bites you.
You die...

.......................#
##############.........#
.......................#
.......................#
##############.........#
.............#
..............#
....[..#...#...#
.......#@..#...#########
.......#ho.#......[....#
.......#$..#...#######.#
#...#...# #.#
#...#...#######.#
#...#...........#
....#...##......#.
....#...##........
##########...##.....#..


You could see a hound and an orc.

Vanquished Creatures
  A big kobold (Sewer)
  A centaur skeleton (D:4)
  A bullfrog skeleton (D:5)
  2 worker ants
  A hound skeleton (D:5)
  8 adders
  2 river rats (Sewer)
  5 oozes
  3 worms
  2 dart slugs
  2 leopard geckos
  An orc (D:2)
  8 giant cockroaches
  4 goblins
  2 hobgoblins (D:1)
  5 jackals
  10 kobolds
  2 quokkas (D:2)
  A ball python (Sewer)
  7 bats
  3 frilled lizards
  A jackal skeleton (D:4)
  10 rats
82 creatures vanquished.

Notes
Turn   | Place    | Note
-------+----------+-------------------------------------------
     0 | D:1      | Mrkan the Troll Monk began the quest for the Orb.
     0 | D:1      | Reached XP level 1. HP: 22/22 MP: 0/0
   260 | D:1      | Reached XP level 2. HP: 29/29 MP: 1/1
   689 | D:1      | Reached XP level 3. HP: 33/36 MP: 2/2
   960 | D:2      | Reached skill level 4 in Unarmed Combat
  1110 | D:2      | Found an iron altar of Okawaru.
  1118 | D:2      | Became a worshipper of Warmaster Okawaru
  1118 | D:2      | Reached * piety under Okawaru
  1118 | D:2      | Reached ** piety under Okawaru
  1151 | D:2      | Found a bloodstained altar of Trog.
  1472 | D:2      | Reached XP level 4. HP: 45/45 MP: 3/3
  1909 | D:3      | You fall into a shaft and drop 2 floors!
  1909 | D:5      | Entered Level 5 of the Dungeon
  1965 | D:5      | Reached skill level 5 in Unarmed Combat
  1965 | D:5      | Reached XP level 5. HP: 49/53 MP: 4/4
  2001 | D:5      | Noticed a centaur
  2113 | D:4      | Found a glowing drain.
  2117 | Sewer    | Entered a sewer
  2411 | Sewer    | Reached skill level 6 in Unarmed Combat
  2411 | Sewer    | Reached XP level 6. HP: 45/62 MP: 5/5
  2628 | D:4      | Found an opulent altar of Gozag.
  2648 | D:4      | Found a burning altar of Makhleb.
  2649 | D:4      | Found a snail-covered altar of Cheibriados.
  2649 | D:4      | Found a hide-covered altar of Uskayaw.
  2649 | D:4      | Found a stormy altar of Qazlal.
  2651 | D:4      | Found a basalt altar of Yredelemnul.
  2652 | D:4      | Found an ancient bone altar of Kikubaaqudgha.
  2654 | D:4      | Found a sparkling altar of Nemelex Xobeh.
  2667 | D:4      | Fell from the grace of Okawaru
  2667 | D:4      | Became a worshipper of Makhleb the Destroyer
  2767 | D:4      | HP: 1/62 [orc/+0 war axe (4)]
  2768 | D:4      | Slain by a hound

Levels and vault maps discovered:
D:1:      dpeg_arrival_pond, layout_basic, lemuel_another_geyser
D:2:      layout_loops_cross, okawaru_metal_pillars_1_2, first_ration,
          trog_butcher_becter
D:3:      layout_basic
D:4:      layout_basic, minitemple, gup_sewer_entry_bowl
D:5:      layout_loops_ring, gammafunk_temple_overflow_arena,
          kennysheep_mini_moat, basic_altar

Skill      XL: |  1  2  3  4  5  6 |
---------------+-------------------+-----
Unarmed Combat | 4 5 6 |  6.2
Fighting       | 3 4 |  4.0
Dodging        | |  2.4
Stealth        | |  1.0

Action                   |  1- 3 |  4- 6 || total
-------------------------+-------+-------++-------
Melee: Unarmed           |   120 |   107 ||   227
       Punch             |     4 |     3 ||     7
 Stab: Sleeping          |     4 |     2 ||     6
  Eat: Chunk             |    19 |    12 ||    31
Armor: Robe              |    51 |    66 ||   117
Dodge: Dodged            |    54 |   111 ||   165
